AoeStats
← 极地沙尘暴

Arabia

507483116Analyzed
1v1 RM · 14d ago on Sep 18, 2026· 37m 47s· 2 players
Game mode
Random Map
Map size
Tiny (2 player)
Population
200
Speed
Normal
Resources
Standard
Victory
Conquest
Starting age
Dark Age
Ending age
Imperial Age
RankedLock teamsTeams togetherTeam positionsShared explorationLock speedFull tech treeHidden civsTurbo modeCheats
Victory
Defeat
🇳🇱 Celts · Netherlands
1519
+14
🇨🇳 Khitans · China
1474
-14
极地沙尘暴
7:04 Loom
10:05 Feudal Age
10:52 Domestication
11:00 Double-Bit Axe
21:29 Castle Age
19:21 Gold Mining
20:18 Forging
20:46 Fletching
21:02 Scale Barding Armor
23:13 Bow Saw
23:10 Pastoralism
24:03 Iron Casting
23:32 Husbandry
25:35 Light Cavalry
27:47 Wheelbarrow
28:34 Stone Mining
29:46 Chain Barding Armor
31:28 Hand Cart
36:27 Imperial Age
36:02 Lamellar Armor
37:55 Conscription
kiliebill
5:59 Loom
9:12 Feudal Age
9:28 Man-at-Arms
10:33 Double-Bit Axe
18:06 Castle Age
16:16 Horse Collar
18:26 Gold Mining
18:59 Bow Saw
18:12 Long Swordsman
18:55 Scale Mail Armor
20:38 Wheelbarrow
20:46 Wheelbarrow
20:25 Bow Saw
26:45 Gambesons
27:11 Forging
28:08 Gold Mining
28:26 Heavy Plow
29:22 Hand Cart
29:02 Town Watch
33:19 Imperial Age
31:29 Heavy Plow
31:23 Stone Mining
32:20 Chain Mail Armor
33:02 Iron Casting
33:29 Two-Handed Swordsman
34:40 Plate Mail Armor
33:38 Capped Ram
34:23 Champion
36:04 Arson
Connection lost

Rejoining the realm…

Still unreachable

The connection could not be restored.

Session expired

The server has moved on; the page needs a fresh start.